 Dungeon Crawl Stone Soup version 0.23-a0-819-g6debee6 (webtiles) character file.

8103 Firecrotchwizard the Slicer (level 11, -5/60 HPs)
             Began as a Vine Stalker Fighter on Jan 21, 2019.
             Was a Believer of Uskayaw.
             Slain by a large abomination (15 damage)
             ... on level 1 of the Abyss.
             The game lasted 00:22:39 (9182 turns).

Firecrotchwizard the Slicer (Vine Stalker Fighter)  Turns: 9182, Time: 00:22:40

Health: -5/60      AC: 12    Str: 25    XL:     11   Next: 25%
Magic:  0/15       EV:  6    Int:  8    God:    Uskayaw [**....]
Gold:   487        SH: 14    Dex: 15    Spells: 10/10 levels left

rFire    . . .     SeeInvis +   a - +0 rapier
rCold    . . .     Gourm    .   c - +0 shield
rNeg     . . .     Faith    .   r - +0 chain mail
rPois    .         Spirit   +   D - +0 helmet
rElec    .         Reflect  +   w - +1 cloak
rCorr    .         Harm     .   (no gloves)
MR       +....                  (no boots)
Stlth    ..........             j - +2 amulet of reflection
HPRegen  0.60/turn              C - +4 ring of strength
MPRegen  0.14/turn              p - ring of see invisible {sInv, !d}

@: no status effects
A: fangs 3, regeneration 1, magic shield, antimagic bite, no potion heal 3, rot
immunity
a: Stomp, Line Pass, Renounce Religion


You were on level 1 of the Abyss.
You worshipped Uskayaw.
Uskayaw was noncommittal.
You were not hungry.

You visited 2 branches of the dungeon, and saw 10 of its levels.
You visited the Abyss 1 time.

You collected 487 gold pieces.

Inventory:

Hand Weapons
 a - a +0 rapier (weapon)
 b - a +0 hunting sling of freezing
   (You found it on level 1 of the Dungeon)
Missiles
 t - a throwing net {=f, !d}
 v - 52 sling bullets
 K - 3 javelins (quivered)
Armour
 c - a +0 shield (worn)
 l - a +0 scale mail
 r - a +0 chain mail (worn)
   (You found it on level 2 of the Dungeon)
 w - a +1 cloak (worn)
   (You found it on level 6 of the Dungeon)
 D - a +0 helmet (worn)
   (You found it on level 5 of the Dungeon)
 J - a +2 buckler
   (You found it on level 8 of the Dungeon)
Jewellery
 j - a +2 amulet of reflection (around neck)
   (You found it on level 1 of the Dungeon)
 k - an uncursed ring of stealth {Stlth+}
   (You found it on level 1 of the Dungeon)
 p - a ring of see invisible (right hand) {sInv, !d}
   (You found it on level 4 of the Dungeon)
 y - an uncursed ring of ice {rC+, rF-}
   (You found it on level 5 of the Dungeon)
 C - a +4 ring of strength (left hand)
   (You took it off a crimson imp on level 8 of the Dungeon)
 L - an uncursed ring of positive energy {unknown}
   (You found it on level 9 of the Dungeon)
Wands
 I - a wand of iceblast (5)
   (You took it off Maurice on level 9 of the Dungeon)
Scrolls
 e - 5 scrolls of blinking {!r}
 g - 5 scrolls of identify
 h - 4 scrolls of remove curse
 i - 4 scrolls of magic mapping {!r}
 o - a scroll of enchant armour {unknown}
 u - 4 scrolls of teleportation
 B - a scroll of fog {unknown}
 F - 2 scrolls of immolation {unknown}
 H - a scroll of amnesia {unknown}
Potions
 d - a potion of might
 m - a potion of mutation {unknown}
 q - a potion of flight {unknown}
 s - a potion of berserk rage {unknown}
 x - 3 potions of curing {unknown}
 z - a potion of cancellation {unknown}
 A - a potion of ambrosia {unknown}
 E - a potion of invisibility {unknown}
 G - 2 potions of heal wounds {unknown}
Comestibles
 f - 18 rations


   Skills:
 + Level 8.0 Fighting
 * Level 10.7 Short Blades
 - Level 2.4 Armour
 + Level 8.0 Shields
 + Level 5.1 Invocations


You had 10 spell levels left.
You didn't know any spells.
Your spell library contained the following spells:

 Spells                   Type           Power        Failure   Level  Hunger
 Beastly Appendage        Tmut           #.....       100%        1    ##.....
 Confusing Touch          Hex            #.....       100%        1    ##.....
 Magic Dart               Conj           #...         100%        1    ##.....
 Blink                    Tloc           N/A          100%        2    ###....
 Call Imp                 Summ           #.......     100%        2    ###....
 Searing Ray              Conj           #.....       100%        2    ###....
 Slow                     Hex            #.......     100%        2    ###....
 Sticks to Snakes         Tmut           #.......     100%        2    ###....
 Confuse                  Hex            #.......     100%        3    ####...
 Conjure Flame            Conj/Fire      #.......     100%        3    ####...
 Dazzling Spray           Conj/Hex       #.....       100%        3    ####...
 Gell's Gravitas          Tloc           #.........   100%        3    ####...
 Mephitic Cloud           Conj/Pois/Air  #.......     100%        3    ####...
 Spider Form              Tmut/Pois      #.........   100%        3    ####...
 Force Lance              Conj/Tloc      #.......     100%        4    #####..
 Fulminant Prism          Conj/Hex       #.........   100%        4    #####..
 Ice Form                 Ice/Tmut       #.......     100%        4    #####..
 Iskenderun's Mystic Bla  Conj           #.......     100%        4    #####..
 Petrify                  Tmut/Erth      #.......     100%        4    #####..
 Blade Hands              Tmut           #.........   100%        5    ######.
 Metabolic Englaciation   Hex/Ice        #.........   100%        5    ######.
 Yara's Violent Unravell  Hex/Tmut       #.........   100%        5    ######.


Dungeon Overview and Level Annotations

Branches:
Dungeon (9/15)             Temple (1/1) D:6
   Lair: D:8-11         Orc: D:9-12

Altars:
Ashenzari
Cheibriados
Dithmenos
Elyvilon
Gozag
Hepliaklqana
Kikubaaqudgha
Makhleb
Nemelex Xobeh
Okawaru
Qazlal
Ru
Sif Muna
Trog
Uskayaw
Vehumet
Xom
Yredelemnul
Zin
The Shining One

Shops:
D:5 (   D:6 [

Annotations:
D:7 2 transporters
D:8 2 transporters
D:9 Erolcha


Innate Abilities, Weirdness & Mutations

You have razor-sharp teeth.
Your natural rate of healing is unusually fast.
When hurt, damage is shared between your health and your magic reserves.
Your bite disrupts and absorbs the magic of your enemies.
Potions cannot restore your health.
You are immune to rotting.


Message History

You miss the killer bee. You bite the killer bee. You drain its power.
You feel invigorated.
You feel sick. You block the killer bee's attack.
Your chain mail prevents you from hitting the killer bee.
Your bite misses the killer bee. You block the killer bee's attack. x2
Uskayaw prepares the audience for your solo!
MP restored: 15 The helpless killer bee fails to defend itself.
You impale the killer bee!!
You kill the killer bee!
You feel sick.
Erolcha is no longer paralysed.
The crocodile is no longer paralysed.
You climb upwards.
Level annotation: 2 transporters You feel sick.
There is a stone staircase leading down here.
You take 1 damage, and have 31/60 hp.
You start resting.
You feel sick.
Uskayaw will no longer force your foes to helplessly watch your dance.
You feel sick.
You can no longer pass through a line of other dancers.
You feel sick. x4
You are no longer poisoned.
You regained 6 hp, and now have 37/60 hp.
You start resting.
Health restored: 60 You climb downwards.
Level annotation: Erolcha You block the crocodile's attack.
A scorpion comes into view.
There is a stone staircase leading up, spattered with blood here.
You block the crocodile's attack.
Erolcha points at you and mumbles some strange words.
You are cast into the Abyss!
You stop ascending the stairs.
To return, you must find a gate leading back.
Killing monsters will force the Abyss to allow you passage.
This branch contains the abyssal rune of Zot.
You now have 487 gold pieces (gained 52).
f - 18 rations (gained 1)
A large abomination comes into view.
You barely miss the large abomination. Your bite misses the large abomination.
You completely miss the large abomination.
The large abomination closely misses you.
You barely miss the large abomination. Your bite misses the large abomination.
You hit the large abomination but do no damage.
You bite the large abomination! You drain its power.
The large abomination hits you but does no damage.
You hit the large abomination but do no damage.
You bite the large abomination. You drain its power.
You hit the large abomination but do no damage.
You bite the large abomination, but do no damage.
The large abomination hits you!
You take 6 damage, and have 54/60 hp.
You now have 13/15 mp.
You hit the large abomination but do no damage.
You closely miss the large abomination. The large abomination hits you!
You take 5 damage, and have 50/60 hp.
You now have 11/15 mp.
You hit the large abomination but do no damage.
You bite the large abomination, but do no damage.
You hit the large abomination. You bite the large abomination!
You drain its power.
You feel invigorated.
You block the large abomination's attack.
You can now pass through a line of other dancers.
MP restored: 15 You hit the large abomination but do no damage.
Your bite misses the large abomination. You hit the large abomination.
You block the large abomination's attack.
You puncture the large abomination!
You bite the large abomination, but do no damage.
You puncture the large abomination!
You destroy the large abomination!
No target in view!
You start resting.
You can no longer pass through a line of other dancers.
Health restored: 60 A large abomination comes into view.
The large abomination hits you!!
You take 25 damage, and have 35/60 hp.
MASSIVE DAMAGE!!
You now have 8/15 mp.
You puncture the large abomination! The large abomination hits you!!
* * * LOW HITPOINT WARNING * * *
You take 27 damage, and have 8/60 hp.
MASSIVE DAMAGE!!
You now have 1/15 mp.
You barely miss the large abomination. You bite the large abomination.
You drain its power.
You feel invigorated.
You block the large abomination's attack.
You can now pass through a line of other dancers.
You regained 8 mp, and now have 9/15 mp.
You puncture the large abomination! You bite the large abomination.
You drain its power.
You feel invigorated.
You hit the large abomination. Your bite misses the large abomination.
You block the large abomination's attack.
Your shield and chain mail prevent you from hitting the large abomination.
You bite the large abomination, but do no damage.
A raiju comes into view.
The large abomination hits you!!
You die...

# .# ##. ..
#.#### #
#.X..###.# . #
#@##..#..# .$
###......#.
#....#.###h..
#... ....#.###
#.....# #.#.#.
##
.#.....#..#...#.
#.##....#....#
## .#.#..##.....
# ..#.....###


You could see a large abomination and a raiju.

Vanquished Creatures
  Maurice (D:9)
  Joseph (D:9)
  Grinder (D:4)
  3 hornets (D:8)
  Prince Ribbit (D:8)
  2 hippogriffs
  4 yaks (D:9)
  Eustachio (D:4)
  A large abomination (Abyss:1)
  A hungry ghost (D:6)
  Edmund (D:5)
  Menkaure (D:6)
  3 orc warriors
  2 ice beasts
  A sky beast (D:6)
  A black bear (D:8)
  2 phantoms
  2 centaurs
  5 ogres
  2 big kobolds
  A gnoll sergeant (D:6)
  5 bullfrogs
  3 scorpions
  11 killer bees
  12 wights
  2 electric eels (D:7)
  A howler monkey (D:5)
  3 crimson imps
  2 quasits
  A jelly (D:7)
  A gnoll shaman (D:8)
  3 centaur skeletons
  4 hounds
  4 orc priests
  4 orc wizards
  5 iguanas
  7 worker ants
  2 hound skeletons
  12 gnolls
  14 adders
  A shadow imp (D:7)
  2 adder zombies
  3 adder skeletons
  A dart slug (D:3)
  3 worms
  9 leopard geckos
  19 orcs
  A ball python (D:5)
  11 bats
  A giant cockroach (D:5)
  10 goblins
  7 hobgoblins
  4 jackals (D:3)
  16 kobolds
  4 quokkas
  6 frilled lizards
  6 rats
237 creatures vanquished.

Vanquished Creatures (others)
  5 centaurs
  3 plants (D:5)
8 creatures vanquished.

Grand Total: 245 creatures vanquished

Notes
Turn   | Place    | Note
-------+----------+-------------------------------------------
     0 | D:1      | Firecrotchwizard the Vine Stalker Fighter began the quest
                  | for the Orb.
     0 | D:1      | Reached XP level 1. HP: 11/11 MP: 2/2
   153 | D:1      | Reached skill level 2 in Short Blades
   186 | D:1      | Reached XP level 2. HP: 16/16 MP: 3/3
   844 | D:1      | Reached skill level 3 in Fighting
   844 | D:1      | Reached skill level 3 in Shields
   844 | D:1      | Reached XP level 3. HP: 20/20 MP: 4/4
  1143 | D:2      | HP: 3/20 [kobold (3)]
  1419 | D:1      | HP: 5/20 [gnoll/+0 flail (5)]
  1743 | D:2      | Reached skill level 3 in Short Blades
  1743 | D:2      | Gained mutation: Your natural rate of healing is unusually
                  | fast. [Vine Stalker growth]
  1743 | D:2      | Reached XP level 4. HP: 21/24 MP: 3/5
  1891 | D:2      | Found a white marble altar of Elyvilon.
  2069 | D:2      | Reached XP level 5. HP: 24/28 MP: 4/6
  2608 | D:3      | Reached skill level 4 in Short Blades
  2738 | D:3      | Reached XP level 6. HP: 29/33 MP: 5/7
  2846 | D:3      | HP: 7/33 [orc priest/divine providence (11)]
  3449 | D:4      | Reached skill level 4 in Shields
  3455 | D:4      | Reached skill level 4 in Fighting
  3529 | D:4      | Found a shattered altar of Ashenzari.
  3853 | D:4      | Noticed Eustachio
  3853 | D:4      | Noticed Grinder
  3879 | D:4      | Killed Eustachio
  3879 | D:4      | Reached skill level 5 in Short Blades
  3879 | D:4      | Reached XP level 7. HP: 30/37 MP: 5/8
  4011 | D:4      | Killed Grinder
  4246 | D:4      | Found a glowing golden altar of the Shining One.
  4287 | D:5      | Entered Level 5 of the Dungeon
  4530 | D:5      | Gained mutation: You have razor-sharp teeth. [Vine Stalker
                  | growth]
  4530 | D:5      | Reached XP level 8. HP: 33/42 MP: 7/9
  4582 | D:5      | Reached skill level 6 in Short Blades
  4604 | D:5      | Found Eqiraesu's Weapon Emporium.
  4753 | D:5      | Reached skill level 5 in Fighting
  4753 | D:5      | Reached skill level 5 in Shields
  4865 | D:5      | Found a deep blue altar of Sif Muna.
  4953 | D:5      | Noticed Edmund
  4970 | D:5      | Killed Edmund
  5089 | D:5      | Found a sparkling altar of Nemelex Xobeh.
  5262 | D:5      | Reached skill level 7 in Short Blades
  5319 | D:6      | Reached XP level 9. HP: 40/48 MP: 10/10
  5499 | D:6      | Reached skill level 6 in Shields
  5505 | D:6      | Reached skill level 6 in Fighting
  5567 | D:6      | Reached skill level 8 in Short Blades
  5575 | D:6      | Found Haupraups's Antique Armour Emporium.
  5580 | D:6      | Noticed Menkaure
  5613 | D:6      | Killed Menkaure
  5671 | D:6      | Found a staircase to the Ecumenical Temple.
  5680 | Temple   | Entered the Ecumenical Temple
  5866 | Temple   | Became a worshipper of Uskayaw the Reveler
  6021 | D:6      | Reached * piety under Uskayaw
  6059 | D:6      | Reached ** piety under Uskayaw
  6112 | D:6      | Reached *** piety under Uskayaw
  6279 | D:6      | Found a shadowy altar of Dithmenos.
  6341 | D:6      | Found a burning altar of Makhleb.
  6341 | D:6      | Found a glowing silver altar of Zin.
  6342 | D:6      | Noticed an angel
  6342 | D:6      | Noticed a green death
  6413 | D:7      | Reached skill level 1 in Invocations
  6414 | D:7      | Reached **** piety under Uskayaw
  6506 | D:7      | Reached skill level 2 in Invocations
  6589 | D:7      | Found a transporter.
  6619 | D:7      | Found a radiant altar of Vehumet.
  6622 | D:7      | Reached skill level 9 in Short Blades
  6622 | D:7      | Reached XP level 10. HP: 53/53 MP: 12/12
  6667 | D:7      | Noticed an orc high priest
  6739 | D:7      | Found a transporter.
  6743 | D:7      | Noticed a kobold demonologist
  6854 | D:7      | Reached skill level 7 in Fighting
  6854 | D:7      | Reached skill level 7 in Shields
  6962 | D:7      | Reached skill level 3 in Invocations
  7409 | D:8      | Noticed Prince Ribbit
  7423 | D:8      | Killed Prince Ribbit
  7424 | D:8      | Upgraded the game from 0.23-a0-808-gd21de94 to
                  | 0.23-a0-819-g6debee6
  7579 | D:8      | meem: I am meem, an upgrade of beem built by MalcolmRose
                  | (check out Malcolm's DCSS vids and other projects at
                  | http://youtube.com/malcolmrosegaming). To have me follow
                  | you in your games, type !subscribemeem - to make me go away
                  | forever, type !quitmeem - For help, type: !meem
  7622 | D:8      | Paralysed by a hornet for 1 turns
  7645 | D:8      | Reached ***** piety under Uskayaw
  7737 | D:8      | Found a transporter.
  7740 | D:8      | Noticed an orc warlord
  7741 | D:8      | Noticed a two-headed ogre
  7808 | D:8      | Found a transporter.
  7809 | D:8      | Found the +9 staff of Olgreb {rPois}
  7850 | D:8      | Found the +0 sword of Power
  7876 | D:8      | Reached skill level 10 in Short Blades
  7931 | D:8      | Reached skill level 4 in Invocations
  8026 | D:8      | Found a hazy altar of Hepliaklqana.
  8589 | D:9      | Noticed Maurice
  8607 | D:9      | Reached XP level 11. HP: 55/59 MP: 15/15
  8619 | D:9      | Killed Maurice
  8755 | D:9      | Noticed Joseph
  8779 | D:9      | Killed Joseph
  8854 | D:9      | Noticed Erolcha
  8872 | D:8      | Reached skill level 8 in Shields
  8979 | D:9      | Reached skill level 5 in Invocations
  8994 | D:9      | Reached skill level 8 in Fighting
  9072 | D:9      | Cast into level 1 of the Abyss (Erolcha)
  9174 | Abyss:1  | Noticed a large abomination
  9178 | Abyss:1  | HP: 8/60 [large abomination (27)]
  9182 | Abyss:1  | Slain by a large abomination

Vault maps used:
D:1:      eino_arrival_cavern_a
D:2:      lemuel_doored_altar, minmay_3d_cube
D:3:      minmay_angry_zag, first_ration
D:4:      lemuel_crystal_altar, marbit_many_paths, kennysheep_generic_room_13,
          uniq_grinder, uniq_eustachio
D:5:      lemuel_crystal_altar, nemelex_xobeh_ov_fountains_minmay, serial_shops,
          shop, minmay_lizard_king, uniq_edmund
D:6:      grunt_temple_overflow_order_and_chaos_2, kennysheep_little_box,
          minmay_temple_entry_antechambers, serial_shops,
          nicolae_shop_statue_plus, minmay_pentangle, uniq_menkaure
D:7:      gammafunk_wand_slinger, vehumet_crystals, serial_bayou_lake_a
D:8:      gammafunk_sealed_arena, kennysheep_mini, hangedman_pestilent_swarm,
          uniq_prince_ribbit1
D:9:      nicolae_overflow_hidden_temple, lemuel_round_altar, elyvilon_altar_5,
          uniq_erolcha, uniq_joseph, uniq_maurice
Temple:   jpeg_temple_alley_garden

Skill      XL: |  1  2  3  4  5  6  7  8  9 10 11 |
---------------+----------------------------------+-----
Short Blades   | 2 3 4 5 7 9 10 | 10.7
Fighting       | 3 4 5 6 7 8 |  8.0
Shields        | 3 4 5 6 7 8 |  8.0
Invocations    | 2 4 5 |  5.1
Armour         | |  2.4

Action                   |  1- 3 |  4- 6 |  7- 9 | 10-12 || total
-------------------------+-------+-------+-------+-------++-------
Melee: Rapier            |   127 |   226 |   310 |   312 ||   975
       Bite              |    32 |    57 |   103 |   112 ||   304
 Fire: Hunting sling     |       |       |    12 |       ||    12
Throw: Javelin           |     7 |    26 |    95 |    75 ||   203
  Use: Scroll            |     1 |     2 |     3 |     3 ||     9
 Stab: Paralysed         |       |       |     5 |    17 ||    22
  Eat: Chunk             |     2 |     8 |     7 |     4 ||    21
       Ration            |       |       |     2 |     2 ||     4
Armor: Scale mail        |    57 |    50 |       |       ||   107
       Chain mail        |       |    67 |    73 |   103 ||   243
Dodge: Dodged            |    36 |    50 |    34 |    53 ||   173
Block: Shield            |    78 |   119 |   159 |   213 ||   569
       Reflection        |       |       |     6 |     9 ||    15

Table legend:
 A = Non-vault XP
 B = Vault XP
 C = Vault XP percentage of total XP
 D = Non-vault monster count
 E = Vault monster count
 F = Vault count percentage of total count
                 A         B        C        D         E       F
            +---------+---------+-------+---------+---------+-------
      Total |    8270 |    3307 |  28.6 |     208 |      34 |  14.0
            +---------+---------+-------+---------+---------+-------
        D:1 |      52 |       0 |   0.0 |      24 |       0 |   0.0
        D:2 |      97 |      18 |  15.7 |      15 |       4 |  21.1
        D:3 |     156 |      54 |  25.7 |      28 |       6 |  17.6
        D:4 |     224 |     534 |  70.4 |      12 |       3 |  20.0
        D:5 |     661 |     222 |  25.1 |      18 |       8 |  30.8
        D:6 |    1330 |     445 |  25.1 |      21 |       6 |  22.2
        D:7 |    2139 |       0 |   0.0 |      36 |       0 |   0.0
        D:8 |    1522 |    1099 |  41.9 |      31 |       5 |  13.9
        D:9 |    1902 |     935 |  33.0 |      22 |       2 |   8.3
    Abyss:1 |     187 |       0 |   0.0 |       1 |       0 |   0.0
            +---------+---------+-------+---------+---------+-------

Vault maps used:
D:1:      eino_arrival_cavern_a
D:2:      lemuel_doored_altar, minmay_3d_cube
D:3:      minmay_angry_zag, first_ration
D:4:      lemuel_crystal_altar, marbit_many_paths, kennysheep_generic_room_13,
          uniq_grinder, uniq_eustachio
D:5:      lemuel_crystal_altar, nemelex_xobeh_ov_fountains_minmay, serial_shops,
          shop, minmay_lizard_king, uniq_edmund
D:6:      grunt_temple_overflow_order_and_chaos_2, kennysheep_little_box,
          minmay_temple_entry_antechambers, serial_shops,
          nicolae_shop_statue_plus, minmay_pentangle, uniq_menkaure
D:7:      gammafunk_wand_slinger, vehumet_crystals, serial_bayou_lake_a
D:8:      gammafunk_sealed_arena, kennysheep_mini, hangedman_pestilent_swarm,
          uniq_prince_ribbit1
D:9:      nicolae_overflow_hidden_temple, lemuel_round_altar, elyvilon_altar_5,
          uniq_erolcha, uniq_joseph, uniq_maurice
Temple:   jpeg_temple_alley_garden

Table legend:
 A = Turns spent in this place as a percentage of turns spent in the entire game.
 B = Non-inter-level travel turns spent in this place as a percentage of non-inter-level travel turns spent in the entire game.
 C = Inter-level travel turns spent in this place as a percentage of turns spent in this place.
 D = Turns resting spent in this place as a percentage of non-inter-level travel turns spent in this place.
 E = Turns spent auto-exploring this place as a percentage of non-inter-level travel turns spent in this place.
 F = Non-inter-level travel turns spent in this place divided by the number of levels of this place that you've seen.
                   A       B       C       D       E      F
               +-------+-------+-------+-------+-------+----------------------
         Total | 100.0 | 100.0 |   5.8 |  20.0 |  55.2 | 786.1
       Dungeon |  96.4 |  96.6 |   5.7 |  20.6 |  54.2 | 927.9
        Temple |   2.4 |   2.2 |  13.9 |   0.0 |  95.2 | 186.0
         Abyss |   1.2 |   1.3 |   0.0 |  10.0 |  59.1 | 110.0
               +-------+-------+-------+-------+-------+----------------------

Table legend:
 A = Kills in this place as a percentage of kills in entire the game.
 B = Kills by you in this place as a percentage of kills by you in the entire game.
 C = Kills by friends in this place as a percentage of kills by friends in the entire game.
 D = Other kills in this place as a percentage of other kills in the entire game.
 E = Experience gained in this place as a percentage of experience gained in the entire game.
 F = Experience gained in this place divided by the number of levels of this place that you have seen.
                   A       B       C       D       E      F
               +-------+-------+-------+-------+-------+----------------------
         Total | 100.0 | 100.0 |   N/A | 100.0 | 100.0 | 1052.5
       Dungeon |  99.6 |  99.6 |   N/A | 100.0 |  98.4 | 1265.6
         Abyss |   0.4 |   0.4 |   N/A |   0.0 |   1.6 | 187.0
               +-------+-------+-------+-------+-------+----------------------
